2509 views
Uploaded 2021-12-20 15:21:46
Game version 1.32.10
32:25 long 3on3 ladder game on (6)BloodstoneMesa_LV
Saved by xzz
2509 views
Uploaded 2021-12-20 15:21:46
Game version 1.32.10
32:25 long 3on3 ladder game on (6)BloodstoneMesa_LV


136 units @ 19k
/ 2k
66 buildings @ 10.6k
/ 4.1k

| Lesser Clarity Potion | 4 | 280 |
| Potion of Healing | 4 | 600 |
| Potion of Mana | 2 | 400 |
| Orb of Venom | 1 | 325 |
| Anti-magic Potion | 2 | 200 |
| Dust of Appearance | 1 | 75 |
| Scroll of Town Portal | 4 | 1400 |
| Healing Salve | 3 | 300 |
| Scroll of Speed | 1 | 50 |
| total: | 22 | 3630g |
| Wisp | 20 | 1200 | / | 0 |
| Archer | 28 | 3640 | / | 280 |
| Chimaera | 5 | 1650 | / | 350 |
| total: | 53 | 6490g | / | 630w |
| Ancient Protector | 4 | 540 | / | 320 |
| Altar of Elders | 1 | 180 | / | 50 |
| Moon Well | 7 | 1260 | / | 280 |
| Ancient of War | 2 | 300 | / | 120 |
| Hunter's Hall | 1 | 210 | / | 100 |
| Ancient of Wonders | 1 | 90 | / | 30 |
| Tree of Life | 1 | 340 | / | 185 |
| Chimaera Roost | 2 | 280 | / | 380 |
| Tree of Ages | 1 | 320 | / | 180 |
| Tree of Eternity | 1 | 330 | / | 200 |
| total: | 19 | 3200g | / | 1465w |
| 0:08 | Altar of Elders |
| 0:10 | Moon Well |
| 0:11 | Wisp |
| 0:11 | Wisp |
| 0:39 | Ancient of War |
| 0:43 | Wisp |
| 1:21 | Wisp |
| 1:25 | Moon Well |
| 1:42 | Archer |
| 1:45 | Wisp |
| 1:45 | Wisp |
| 2:01 | Archer |
| 2:19 | Shadow Strike |
| 2:25 | Archer |
| 2:34 | Moon Well |
| 2:37 | Wisp |
| 2:43 | Archer |
| 3:04 | Hunter's Hall |
| 3:22 | Archer |
| 3:46 | Archer |
| 3:46 | Archer |
| 3:49 | Wisp |
| 3:58 | Dust of Appearance |
| 4:23 | Blink |
| 4:35 | Archer |
| 4:37 | Tree of Ages |
| 5:07 | Healing Salve |
| 5:07 | Healing Salve |
| 5:12 | Lesser Clarity Potion |
| 5:21 | Strength of the Moon |
| 5:23 | Archer |
| 5:36 | Lesser Clarity Potion |
| 5:40 | Scroll of Speed |
| 5:55 | Moon Armor |
| 6:30 | Moon Well |
| 6:32 | Archer |
| 7:30 | Tree of Eternity |
| 7:36 | Improved Bows |
| 7:36 | Archer |
| 7:36 | Archer |
| 7:42 | Ancient of Wonders |
| 8:02 | Improved Strength of the Moon |
| 8:14 | Shadow Strike |
| 8:42 | Archer |
| 8:42 | Archer |
| 8:42 | Archer |
| 9:41 | Improved Moon Armor |
| 10:15 | Marksmanship |
| 10:17 | Wisp |
| 10:17 | Wisp |
| 10:18 | Wisp |
| 10:18 | Wisp |
| 10:18 | Wisp |
| 10:23 | Moon Well |
| 10:27 | Potion of Healing |
| 10:28 | Potion of Mana |
| 10:47 | Archer |
| 10:48 | Archer |
| 11:12 | Wisp |
| 11:21 | Fan of Knives |
| 11:45 | Archer |
| 11:46 | Archer |
| 11:48 | Ancient of War |
| 11:51 | Advanced Moon Armor |
| 12:26 | Orb of Venom |
| 12:45 | Scroll of Town Portal |
| 12:47 | Potion of Healing |
| 13:33 | Shadow Strike |
| 13:46 | Potion of Mana |
| 13:49 | Lesser Clarity Potion |
| 13:50 | Scroll of Town Portal |
| 14:03 | Healing Salve |
| 14:14 | Advanced Strength of the Moon |
| 15:00 | Tree of Life |
| 15:14 | Well Spring |
| 15:19 | Chimaera Roost |
| 15:23 | Chimaera Roost |
| 15:28 | Archer |
| 16:03 | Spirit of Vengeance |
| 17:16 | Wisp |
| 17:16 | Wisp |
| 17:16 | Wisp |
| 17:17 | Wisp |
| 17:17 | Wisp |
| 17:20 | Archer |
| 17:22 | Ultravision |
| 17:25 | Nature's Blessing |
| 17:40 | Chimaera |
| 18:00 | Scroll of Town Portal |
| 18:05 | Potion of Healing |
| 18:36 | Chimaera |
| 18:48 | Potion of Healing |
| 19:11 | Chimaera |
| 19:13 | Archer |
| 19:19 | Fan of Knives |
| 19:41 | Archer |
| 20:33 | Archer |
| 20:34 | Chimaera |
| 20:39 | Moon Well |
| 21:01 | Archer |
| 21:06 | Lesser Clarity Potion |
| 21:27 | Archer |
| 21:34 | Anti-magic Potion |
| 21:40 | Corrosive Breath |
| 21:48 | Moon Well |
| 21:51 | Archer |
| 22:15 | Fan of Knives |
| 22:41 | Blink |
| 22:56 | Chimaera |
| 23:08 | Archer |
| 23:50 | Scroll of Town Portal |
| 24:40 | Blink |
| 27:03 | Strength of the Wild |
| 27:03 | Reinforced Hides |
| 28:22 | Ancient Protector |
| 28:22 | Ancient Protector |
| 28:23 | Ancient Protector |
| 28:29 | Ancient Protector |
| 28:39 | Anti-magic Potion |
| 30:03 | Improved Strength of the Wild |
| 30:04 | Improved Reinforced Hides |
| 31:34 | Wisp |
| 31:42 | Advanced Strength of the Wild |
| Right click | 1538 |
| Select | 436 |
| Select group | 246 |
| Build/train/purchase | 176 |
| Chat | 166 |
| Use ability | 89 |
| Assign group | 35 |
| Misc. action | 18 |
| Item give/drop | 5 |
| Minimap ping | 4 |

| Rod of Necromancy | 2 | 300 |
| Sacrificial Skull | 1 | 50 |
| Potion of Healing | 2 | 300 |
| Dust of Appearance | 1 | 75 |
| Scroll of Town Portal | 2 | 700 |
| Potion of Lesser Invulnerability | 1 | 150 |
| Boots of Speed | 1 | 250 |
| total: | 10 | 1825g |
| Acolyte | 16 | 1200 | / | 0 |
| Ghoul | 15 | 1800 | / | 0 |
| Crypt Fiend | 10 | 2150 | / | 400 |
| Obsidian Statue | 5 | 1000 | / | 175 |
| Meat Wagon | 1 | 230 | / | 50 |
| total: | 47 | 6380g | / | 625w |
| Nerubian Tower | 5 | 500 | / | 100 |
| Spirit Tower | 8 | 1160 | / | 320 |
| Crypt | 3 | 600 | / | 150 |
| Ziggurat | 15 | 2250 | / | 750 |
| Altar of Darkness | 2 | 360 | / | 100 |
| Tomb of Relics | 2 | 260 | / | 60 |
| Graveyard | 3 | 645 | / | 0 |
| Necropolis | 1 | 225 | / | 0 |
| Slaughterhouse | 2 | 280 | / | 270 |
| Boneyard | 1 | 175 | / | 200 |
| Halls of the Dead | 2 | 640 | / | 420 |
| Black Citadel | 2 | 650 | / | 460 |
| total: | 29 | 4795g | / | 1530w |
| 0:03 | Acolyte |
| 0:03 | Acolyte |
| 0:10 | Crypt |
| 0:13 | Ziggurat |
| 0:35 | Altar of Darkness |
| 1:11 | Ghoul |
| 1:15 | Ziggurat |
| 1:22 | Tomb of Relics |
| 1:31 | Ghoul |
| 1:48 | Ghoul |
| 2:04 | Ghoul |
| 2:22 | Acolyte |
| 2:24 | Ghoul |
| 2:35 | Rod of Necromancy |
| 2:37 | Sacrificial Skull |
| 2:48 | Death Coil |
| 2:53 | Acolyte |
| 3:08 | Ghoul |
| 3:42 | Ghoul |
| 3:45 | Ziggurat |
| 3:58 | Acolyte |
| 3:58 | Acolyte |
| 4:00 | Acolyte |
| 4:10 | Unholy Aura |
| 4:37 | Ghoul |
| 4:38 | Ghoul |
| 4:51 | Nerubian Tower |
| 4:51 | Ziggurat |
| 5:02 | Ghoul |
| 5:11 | Nerubian Tower |
| 5:17 | Acolyte |
| 6:18 | Halls of the Dead |
| 6:35 | Ghoul |
| 6:38 | Graveyard |
| 6:40 | Graveyard |
| 6:42 | Crypt |
| 6:43 | Crypt |
| 6:50 | Nerubian Tower |
| 6:52 | Ziggurat |
| 7:06 | Ghoul |
| 7:07 | Ghoul |
| 7:19 | Ziggurat |
| 7:21 | Tomb of Relics |
| 7:57 | Ziggurat |
| 8:22 | Spirit Tower |
| 8:25 | Crypt Fiend |
| 8:25 | Crypt Fiend |
| 8:30 | Rod of Necromancy |
| 8:32 | Dust of Appearance |
| 8:54 | Spirit Tower |
| 9:11 | Crypt Fiend |
| 9:39 | Slaughterhouse |
| 10:04 | Burrow |
| 10:11 | Acolyte |
| 10:11 | Acolyte |
| 10:11 | Acolyte |
| 10:28 | Ghoul |
| 10:28 | Ghoul |
| 10:38 | Unholy Aura |
| 10:44 | Acolyte |
| 10:44 | Acolyte |
| 10:53 | Ziggurat |
| 10:55 | Ziggurat |
| 10:56 | Ziggurat |
| 10:58 | Ziggurat |
| 11:01 | Acolyte |
| 11:22 | Crypt Fiend |
| 11:39 | Web |
| 11:52 | Nerubian Tower |
| 11:54 | Spirit Tower |
| 11:56 | Spirit Tower |
| 12:06 | Crypt Fiend |
| 12:11 | Creature Attack |
| 12:27 | Black Citadel |
| 12:43 | Necropolis |
| 13:52 | Crypt Fiend |
| 13:52 | Crypt Fiend |
| 14:11 | Crypt Fiend |
| 14:19 | Obsidian Statue |
| 14:27 | Obsidian Statue |
| 14:28 | Crypt Fiend |
| 14:39 | Improved Creature Attack |
| 15:00 | Obsidian Statue |
| 15:14 | Ziggurat |
| 15:18 | Ziggurat |
| 15:20 | Acolyte |
| 15:26 | Acolyte |
| 15:53 | Scroll of Town Portal |
| 16:20 | Spirit Tower |
| 16:21 | Spirit Tower |
| 16:29 | Death Coil |
| 16:41 | Scroll of Town Portal |
| 17:27 | Crypt Fiend |
| 17:57 | Potion of Healing |
| 18:56 | Spirit Tower |
| 19:08 | Altar of Darkness |
| 19:22 | Halls of the Dead |
| 19:30 | Slaughterhouse |
| 20:10 | Ziggurat |
| 20:41 | Obsidian Statue |
| 20:51 | Graveyard |
| 21:14 | Nerubian Tower |
| 21:45 | Meat Wagon |
| 21:50 | Black Citadel |
| 22:15 | Potion of Healing |
| 23:17 | Potion of Lesser Invulnerability |
| 23:18 | Boots of Speed |
| 23:33 | Ziggurat |
| 24:17 | Death Coil |
| 24:31 | Obsidian Statue |
| 24:34 | Boneyard |
| 25:05 | Advanced Creature Attack |
| 25:18 | Spirit Tower |
| 26:06 | Unholy Aura |
| Right click | 945 |
| Select group | 499 |
| Select | 428 |
| Misc. action | 131 |
| Build/train/purchase | 117 |
| Assign group | 55 |
| Use ability | 26 |
| Remove unit | 2 |
| Minimap ping | 1 |

| Lesser Clarity Potion | 6 | 420 |
| Healing Salve | 3 | 300 |
| Scroll of Speed | 1 | 50 |
| Scroll of Town Portal | 7 | 2450 |
| Potion of Lesser Invulnerability | 1 | 150 |
| total: | 18 | 3370g |
| Peon | 11 | 825 | / | 0 |
| Grunt | 11 | 2200 | / | 0 |
| Demolisher | 14 | 3080 | / | 700 |
| total: | 36 | 6105g | / | 700w |
| Watch Tower | 5 | 550 | / | 400 |
| Altar of Storms | 1 | 180 | / | 50 |
| Orc Burrow | 5 | 800 | / | 200 |
| Barracks | 2 | 360 | / | 100 |
| Voodoo Lounge | 2 | 260 | / | 60 |
| War Mill | 1 | 205 | / | 0 |
| Beastiary | 2 | 290 | / | 280 |
| Stronghold | 3 | 945 | / | 570 |
| total: | 18 | 2645g | / | 1090w |
| 0:03 | Peon |
| 0:05 | Peon |
| 0:20 | Altar of Storms |
| 0:22 | Peon |
| 0:30 | Orc Burrow |
| 0:47 | Peon |
| 0:49 | Barracks |
| 1:02 | Peon |
| 1:35 | Orc Burrow |
| 1:51 | Grunt |
| 2:26 | Hex |
| 2:30 | Grunt |
| 2:35 | Barracks |
| 2:45 | Voodoo Lounge |
| 2:51 | Orc Burrow |
| 3:12 | Grunt |
| 3:45 | Grunt |
| 4:16 | Lesser Clarity Potion |
| 4:21 | Stronghold |
| 4:28 | War Mill |
| 4:52 | Grunt |
| 5:16 | Grunt |
| 5:40 | Orc Burrow |
| 5:47 | Grunt |
| 6:34 | Steel Armor |
| 6:54 | Demolisher |
| 7:16 | Serpent Ward |
| 7:20 | Berserker Strength |
| 7:33 | Demolisher |
| 7:49 | Steel Ranged Weapons |
| 7:49 | Thorium Ranged Weapons |
| 8:19 | Lesser Clarity Potion |
| 8:19 | Healing Salve |
| 8:32 | Scroll of Town Portal |
| 8:56 | Watch Tower |
| 9:39 | Grunt |
| 9:39 | Grunt |
| 9:58 | Watch Tower |
| 10:00 | Watch Tower |
| 10:10 | Scroll of Town Portal |
| 10:10 | Lesser Clarity Potion |
| 10:28 | Demolisher |
| 10:53 | Demolisher |
| 10:54 | Demolisher |
| 11:06 | Healing Salve |
| 11:13 | Scroll of Speed |
| 11:20 | Reinforced Defenses |
| 12:02 | Hex |
| 12:19 | Demolisher |
| 12:23 | Watch Tower |
| 12:40 | Scroll of Town Portal |
| 14:08 | Lesser Clarity Potion |
| 14:13 | Demolisher |
| 14:39 | Demolisher |
| 14:45 | Watch Tower |
| 14:53 | Lesser Clarity Potion |
| 15:14 | Beastiary |
| 15:36 | Grunt |
| 16:48 | Demolisher |
| 17:12 | Peon |
| 17:12 | Peon |
| 17:23 | Demolisher |
| 17:36 | Demolisher |
| 17:42 | Peon |
| 17:42 | Peon |
| 17:42 | Peon |
| 17:42 | Peon |
| 18:17 | Demolisher |
| 18:33 | Demolisher |
| 18:51 | Demolisher |
| 19:46 | Voodoo Lounge |
| 20:12 | Orc Burrow |
| 20:32 | Beastiary |
| 20:57 | Serpent Ward |
| 21:32 | Scroll of Town Portal |
| 21:33 | Potion of Lesser Invulnerability |
| 21:53 | Grunt |
| 22:28 | Scroll of Town Portal |
| 22:28 | Lesser Clarity Potion |
| 22:29 | Healing Salve |
| 22:48 | Scroll of Town Portal |
| 23:00 | Scroll of Town Portal |
| 24:59 | Steel Melee Weapons |
| 25:42 | Healing Wave |
| Right click | 758 |
| Select group | 651 |
| Select | 513 |
| Misc. action | 332 |
| Build/train/purchase | 90 |
| Assign group | 75 |
| Use ability | 71 |
| Chat | 4 |
| Esc | 1 |
108 units @ 15.2k
/ 2.5k
58 buildings @ 9.1k
/ 3.6k
MEPHISTO7
(24:45) : 

| Lesser Clarity Potion | 5 | 350 |
| Healing Salve | 3 | 300 |
| Potion of Healing | 3 | 450 |
| Orb of Lightning | 1 | 375 |
| Scroll of Town Portal | 1 | 350 |
| total: | 13 | 1825g |
| Peon | 13 | 975 | / | 0 |
| Grunt | 6 | 1200 | / | 0 |
| Spirit Walker | 1 | 195 | / | 35 |
| Tauren | 6 | 1680 | / | 480 |
| total: | 26 | 4050g | / | 515w |
| Watch Tower | 4 | 440 | / | 320 |
| Altar of Storms | 2 | 360 | / | 100 |
| Orc Burrow | 9 | 1440 | / | 360 |
| War Mill | 1 | 205 | / | 0 |
| Voodoo Lounge | 3 | 390 | / | 90 |
| Barracks | 1 | 180 | / | 50 |
| Great Hall | 1 | 385 | / | 185 |
| Tauren Totem | 2 | 270 | / | 310 |
| Stronghold | 1 | 315 | / | 190 |
| Fortress | 1 | 325 | / | 190 |
| total: | 23 | 3670g | / | 1415w |
| 0:03 | Peon |
| 0:04 | Peon |
| 0:04 | Peon |
| 0:20 | Altar of Storms |
| 0:28 | Orc Burrow |
| 0:38 | Peon |
| 0:38 | Peon |
| 0:50 | War Mill |
| 0:59 | Peon |
| 1:22 | Voodoo Lounge |
| 1:28 | Peon |
| 1:34 | Orc Burrow |
| 1:41 | Peon |
| 1:58 | Peon |
| 2:06 | Barracks |
| 2:23 | Wind Walk |
| 2:25 | Lesser Clarity Potion |
| 2:26 | Lesser Clarity Potion |
| 2:29 | Healing Salve |
| 3:11 | Stronghold |
| 3:24 | Grunt |
| 4:03 | Watch Tower |
| 4:11 | Grunt |
| 4:13 | Steel Armor |
| 4:36 | Grunt |
| 4:38 | Steel Melee Weapons |
| 5:33 | Grunt |
| 5:37 | Orc Burrow |
| 5:39 | Reinforced Defenses |
| 5:53 | Lesser Clarity Potion |
| 6:11 | Berserker Strength |
| 6:36 | Watch Tower |
| 6:39 | Watch Tower |
| 6:45 | Critical Strike |
| 7:06 | Grunt |
| 7:28 | Healing Wave |
| 7:37 | Fortress |
| 7:47 | Tauren Totem |
| 8:07 | Orc Burrow |
| 8:13 | Tauren Totem |
| 8:43 | Thorium Melee Weapons |
| 9:30 | Grunt |
| 9:31 | Spirit Walker |
| 9:40 | Spirit Walker Adept Training |
| 9:57 | Voodoo Lounge |
| 10:29 | Great Hall |
| 10:42 | Watch Tower |
| 11:03 | Healing Salve |
| 11:09 | Potion of Healing |
| 11:24 | Orc Burrow |
| 11:44 | Critical Strike |
| 12:04 | Hex |
| 12:18 | Tauren |
| 12:29 | Spirit Walker Master Training |
| 12:40 | Voodoo Lounge |
| 13:20 | Tauren |
| 13:31 | Peon |
| 13:44 | Lesser Clarity Potion |
| 13:52 | Healing Salve |
| 14:01 | Peon |
| 14:11 | Pulverize |
| 14:18 | Peon |
| 14:39 | Lesser Clarity Potion |
| 14:40 | Potion of Healing |
| 14:54 | Peon |
| 15:14 | Orb of Lightning |
| 15:44 | Tauren |
| 16:02 | Tauren |
| 16:53 | Scroll of Town Portal |
| 16:53 | Potion of Healing |
| 17:18 | Tauren |
| 17:24 | Orc Burrow |
| 17:30 | Thorium Armor |
| 18:41 | Wind Walk |
| 19:14 | Tauren |
| 19:30 | Altar of Storms |
| 20:37 | Orc Burrow |
| 20:42 | Orc Burrow |
| 22:57 | Orc Burrow |
| Select group | 1357 |
| Right click | 1160 |
| Select | 321 |
| Build/train/purchase | 104 |
| Chat | 36 |
| Assign group | 30 |
| Use ability | 24 |
| Minimap ping | 13 |
| Resource trade | 13 |
| Item give/drop | 5 |

| Potion of Healing | 2 | 300 |
| Staff of Preservation | 1 | 150 |
| Orb of Venom | 1 | 325 |
| Scroll of Town Portal | 1 | 350 |
| total: | 5 | 1125g |
| Wisp | 19 | 1140 | / | 0 |
| Archer | 13 | 1690 | / | 130 |
| Dryad | 14 | 2030 | / | 840 |
| Mountain Giant | 1 | 350 | / | 100 |
| total: | 47 | 5210g | / | 1070w |
| Ancient Protector | 10 | 1350 | / | 800 |
| Altar of Elders | 1 | 180 | / | 50 |
| Moon Well | 6 | 1080 | / | 240 |
| Ancient of War | 1 | 150 | / | 60 |
| Hunter's Hall | 1 | 210 | / | 100 |
| Ancient of Wonders | 1 | 90 | / | 30 |
| Ancient of Lore | 2 | 310 | / | 290 |
| Tree of Ages | 1 | 320 | / | 180 |
| Tree of Eternity | 1 | 330 | / | 200 |
| total: | 22 | 3370g | / | 1570w |
| 0:01 | Wisp |
| 0:01 | Wisp |
| 0:06 | Altar of Elders |
| 0:17 | Moon Well |
| 0:25 | Wisp |
| 0:35 | Wisp |
| 0:36 | Ancient of War |
| 0:46 | Wisp |
| 1:06 | Wisp |
| 1:13 | Wisp |
| 1:23 | Wisp |
| 1:29 | Moon Well |
| 1:32 | Wisp |
| 1:39 | Archer |
| 1:56 | Wisp |
| 2:10 | Trueshot Aura |
| 2:21 | Wisp |
| 2:49 | Tree of Ages |
| 3:01 | Archer |
| 3:05 | Archer |
| 3:09 | Moon Well |
| 3:26 | Archer |
| 3:36 | Searing Arrows |
| 3:53 | Archer |
| 4:03 | Hunter's Hall |
| 4:21 | Moon Well |
| 4:23 | Archer |
| 5:02 | Archer |
| 5:12 | Ancient of Lore |
| 5:16 | Ancient of Lore |
| 5:21 | Ancient of Wonders |
| 5:24 | Archer |
| 6:26 | Archer |
| 6:39 | Abolish Magic |
| 6:40 | Dryad |
| 6:42 | Strength of the Wild |
| 6:55 | Potion of Healing |
| 6:58 | Staff of Preservation |
| 7:04 | Archer |
| 7:05 | Improved Bows |
| 7:06 | Archer |
| 7:58 | Archer |
| 7:58 | Archer |
| 8:00 | Dryad |
| 8:00 | Dryad |
| 8:22 | Searing Arrows |
| 8:25 | Dryad |
| 8:25 | Dryad |
| 8:58 | Tree of Eternity |
| 9:17 | Dryad |
| 10:27 | Moon Well |
| 10:34 | Improved Strength of the Wild |
| 10:50 | Ancient Protector |
| 11:07 | Ancient Protector |
| 11:20 | Ancient Protector |
| 11:24 | Ancient Protector |
| 11:27 | Ancient Protector |
| 11:34 | Well Spring |
| 11:58 | Ancient Protector |
| 12:05 | Wisp |
| 12:05 | Wisp |
| 12:05 | Wisp |
| 12:05 | Wisp |
| 12:05 | Wisp |
| 12:24 | Wisp |
| 13:41 | Dryad |
| 13:41 | Dryad |
| 13:45 | Trueshot Aura |
| 14:03 | Nature's Blessing |
| 14:09 | Wisp |
| 14:09 | Wisp |
| 14:13 | Dryad |
| 14:31 | Scroll of Town Portal |
| 14:32 | Potion of Healing |
| 14:36 | Orb of Venom |
| 16:16 | Ancient Protector |
| 16:19 | Ancient Protector |
| 16:21 | Ancient Protector |
| 16:25 | Ancient Protector |
| 17:16 | Dryad |
| 17:16 | Dryad |
| 17:16 | Dryad |
| 17:36 | Advanced Strength of the Wild |
| 18:07 | Dryad |
| 18:45 | Dryad |
| 18:56 | Reinforced Hides |
| 19:57 | Ultravision |
| 20:42 | Improved Reinforced Hides |
| 20:45 | Resistant Skin |
| 20:45 | Hardened Skin |
| 20:46 | Mountain Giant |
| 20:50 | Moon Well |
| 21:42 | Trueshot Aura |
| Right click | 1398 |
| Select group | 451 |
| Select | 287 |
| Build/train/purchase | 93 |
| Assign group | 41 |
| Use ability | 23 |
| Esc | 8 |
| Misc. action | 4 |
| Item give/drop | 2 |
| Minimap ping | 2 |



| Rod of Necromancy | 1 | 150 |
| Orb of Corruption | 1 | 375 |
| Potion of Healing | 1 | 150 |
| Scroll of Town Portal | 4 | 1400 |
| Scroll of Healing | 1 | 250 |
| Potion of Lesser Invulnerability | 1 | 150 |
| Circlet of Nobility | 1 | 175 |
| total: | 10 | 2650g |
| Acolyte | 8 | 600 | / | 0 |
| Ghoul | 3 | 360 | / | 0 |
| Crypt Fiend | 12 | 2580 | / | 480 |
| Obsidian Statue | 10 | 2000 | / | 350 |
| Gargoyle | 2 | 350 | / | 60 |
| total: | 35 | 5890g | / | 890w |
| Nerubian Tower | 1 | 100 | / | 20 |
| Spirit Tower | 2 | 290 | / | 80 |
| Graveyard | 1 | 215 | / | 0 |
| Crypt | 1 | 200 | / | 50 |
| Ziggurat | 7 | 1050 | / | 350 |
| Altar of Darkness | 1 | 180 | / | 50 |
| Tomb of Relics | 2 | 260 | / | 60 |
| Slaughterhouse | 1 | 140 | / | 135 |
| Halls of the Dead | 1 | 320 | / | 210 |
| Black Citadel | 1 | 325 | / | 230 |
| total: | 13 | 2045g | / | 645w |
| 0:08 | Acolyte |
| 0:17 | Graveyard |
| 0:22 | Crypt |
| 0:27 | Acolyte |
| 0:31 | Acolyte |
| 0:57 | Ziggurat |
| 1:12 | Altar of Darkness |
| 1:23 | Tomb of Relics |
| 1:32 | Ghoul |
| 1:54 | Crypt Fiend |
| 2:11 | Ziggurat |
| 2:29 | Nerubian Tower |
| 2:40 | Crypt Fiend |
| 3:07 | Crypt Fiend |
| 3:14 | Death Coil |
| 3:18 | Rod of Necromancy |
| 4:12 | Crypt Fiend |
| 4:32 | Halls of the Dead |
| 4:48 | Ghoul |
| 4:48 | Ghoul |
| 4:53 | Ziggurat |
| 4:57 | Unholy Aura |
| 5:45 | Crypt Fiend |
| 6:43 | Creature Attack |
| 6:47 | Ziggurat |
| 6:57 | Black Citadel |
| 7:41 | Slaughterhouse |
| 7:42 | Burrow |
| 8:02 | Frost Nova |
| 8:15 | Death Coil |
| 8:26 | Crypt Fiend |
| 8:28 | Web |
| 9:45 | Obsidian Statue |
| 9:45 | Destroyer Form |
| 10:12 | Ziggurat |
| 10:26 | Orb of Corruption |
| 10:28 | Scroll of Town Portal |
| 10:48 | Frost Armor |
| 11:07 | Crypt Fiend |
| 11:12 | Obsidian Statue |
| 11:15 | Impale |
| 11:27 | Acolyte |
| 11:50 | Obsidian Statue |
| 13:09 | Unholy Aura |
| 13:51 | Acolyte |
| 13:51 | Acolyte |
| 13:52 | Acolyte |
| 13:52 | Acolyte |
| 13:57 | Obsidian Statue |
| 13:59 | Spiked Carapace |
| 14:00 | Frost Nova |
| 14:16 | Crypt Fiend |
| 14:21 | Obsidian Statue |
| 14:50 | Crypt Fiend |
| 15:05 | Ziggurat |
| 15:13 | Scroll of Town Portal |
| 15:21 | Potion of Healing |
| 15:45 | Improved Creature Attack |
| 15:45 | Creature Carapace |
| 17:31 | Obsidian Statue |
| 17:31 | Obsidian Statue |
| 18:46 | Dark Ritual |
| 18:47 | Impale |
| 18:54 | Obsidian Statue |
| 18:55 | Obsidian Statue |
| 18:56 | Crypt Fiend |
| 18:56 | Crypt Fiend |
| 19:05 | Death Coil |
| 19:23 | Crypt Fiend |
| 19:24 | Obsidian Statue |
| 20:32 | Scroll of Town Portal |
| 20:33 | Potion of Lesser Invulnerability |
| 20:33 | Scroll of Healing |
| 20:34 | Circlet of Nobility |
| 20:44 | Spirit Tower |
| 20:46 | Advanced Creature Attack |
| 20:46 | Improved Creature Carapace |
| 21:40 | Ziggurat |
| 22:33 | Tomb of Relics |
| 22:48 | Scroll of Town Portal |
| 23:40 | Spiked Carapace |
| 24:30 | Gargoyle |
| 24:30 | Gargoyle |
| 24:34 | Spirit Tower |
| Select group | 1066 |
| Right click | 924 |
| Select | 487 |
| Build/train/purchase | 110 |
| Assign group | 65 |
| Use ability | 49 |
| Minimap ping | 16 |
| Chat | 10 |
| Resource trade | 6 |
| Item give/drop | 1 |